 Dungeon Crawl Stone Soup version 0.17-a0-1093-g0b3cd89 (webtiles) character file.

95 Fluffy the Skirmisher (level 4, -1/41 HPs)
             Began as a Hill Orc Fighter on May 20, 2015.
             Killed from afar by Ijyb (8 damage)
             ... with a wand of lightning
             ... on level 3 of the Dungeon.
             The game lasted 00:03:12 (1721 turns).

Fluffy the Skirmisher (Hill Orc Fighter)            Turns: 1721, Time: 00:03:12

Health: -1/41      AC:  9    Str: 18    XL:     4   Next: 66%
Magic:  4/4        EV: 10    Int:  8    God:
Gold:   144        SH:  9    Dex: 11    Spells: 0 memorised, 3 levels left

rFire  . . .     SeeInvis .     a - +0 war axe
rCold  . . .     Clarity  .     i - +0 chain mail
rNeg   . . .     SustAb   .     c - +0 shield
rPois  .         Gourm    .     (no helmet)
rElec  .         Spirit   .     (no cloak)
rCorr  .         Warding  .     (no gloves)
rMut   +         Stasis   .     (no boots)
MR     .....                    j - amulet of resist mutation
Stlth  ..........               (no ring)
                                r - +5 ring of evasion

@: lethally poisoned (-1 -> -4), not resistant to hostile enchantments,
extremely unstealthy
A: no striking features
a: no special abilities


You were on level 3 of the Dungeon.
You were hungry.

You visited 1 branch of the dungeon, and saw 3 of its levels.

You collected 144 gold pieces.

Inventory:

Hand weapons
 a - a +0 war axe (weapon)
Armour
 c - a +0 shield (worn)
 i - a +0 chain mail (worn)
Jewellery
 j - an amulet of resist mutation (around neck)
 r - a +5 ring of evasion (left hand)
Scrolls
 h - a scroll of noise {unknown}
 k - a scroll of magic mapping {unknown}
 m - 3 scrolls of enchant armour {unknown}
 o - a scroll of teleportation {unknown}
 q - a scroll of blinking {unknown}
 s - a scroll of fog {unknown}
Potions
 d - a potion of might
 g - a potion of haste {unknown}
 l - a potion of degeneration {unknown}
 p - 2 potions of curing
Comestibles
 b - a beef jerky
 e - 3 bread rations
 f - 3 meat rations
 n - a fruit


   Skills:
 + Level 4.8 Fighting
 + Level 3.8 Axes
 + Level 4.3 Armour
 - Level 3.2 Shields


You had 3 spell levels left.
You didn't know any spells.

Dungeon Overview and Level Annotations

Branches:
Dungeon (3/15)

Altars:
Ashenzari
Yredelemnul

Annotations:
D:3 Ijyb


Message History

Your shield and chain mail prevent you from hitting the adder.
The adder is almost dead.
The adder bites you.
* * * LOW HITPOINT WARNING * * *
You are poisoned.
The adder poisons you! The adder closely misses you.
You barely miss the adder.
The adder is almost dead.
You feel sick. The adder bites you but does no damage.
Your shield and chain mail prevent you from hitting the adder.
The adder is almost dead.
You feel sick. The adder barely misses you. The adder bites you.
* * * LOW HITPOINT WARNING * * *
You barely miss the adder.
The adder is almost dead.
You block the adder's attack. The adder misses you.
You hit the adder.
You kill the adder!
Ijyb zaps a wand.
The bolt of lightning hits you!
You die...

.....≈≈≈≈≈≈≈≈≈≈≈≈
....≈≈≈≈≈.≈≈.≈.≈≈
.................
.......(........
##......<...###
#.####....(#
##ggg.# ##.#.#
#@#.# #.# # #.#
#.# #.. ###


You could see Ijyb and 2 goblins.

Vanquished Creatures
  Terence (D:2)
  A gnoll (D:1)
  2 adders
  An ooze (D:2)
  A worm (D:2)
  2 hobgoblins
  3 quokkas (D:2)
  A ball python (D:2)
  5 bats
  3 giant cockroaches (D:2)
  A giant gecko (D:2)
  3 goblins
  7 kobolds
  8 rats
39 creatures vanquished.

Notes
Turn   | Place    | Note
--------------------------------------------------------------
     0 | D:1      | Fluffy the Hill Orc Fighter began the quest for the Orb.
     0 | D:1      | Reached XP level 1. HP: 19/19 MP: 1/1
   147 | D:1      | Reached XP level 2. HP: 20/27 MP: 2/2
   501 | D:1      | Reached skill level 4 in Fighting
   686 | D:1      | Reached XP level 3. HP: 15/33 MP: 3/3
  1396 | D:2      | Noticed Terence
  1413 | D:2      | Killed Terence
  1413 | D:2      | Reached XP level 4. HP: 38/41 MP: 4/4
  1525 | D:2      | Found a basalt altar of Yredelemnul.
  1525 | D:2      | Found a shattered altar of Ashenzari.
  1695 | D:3      | Noticed Ijyb
  1721 | D:3      | Killed from afar by Ijyb

Vault maps used:
D:1:      evilmike_arrival_plus, minmay_misc_feat_pillars,
          roderic_serpentine_path, serial_bayou_lake_a
D:2:      gammafunk_temple_overflow_statue, first_bread, uniq_terence
D:3:      minmay_goblin_kobold_castle, overflow_temple_1_default, zin_angel,
          uniq_iyjb

Action                   |  1- 3 |  4- 6 || total
-------------------------+-------+-------++-------
Melee: War axe           |   145 |    24 ||   169
  Use: Potion            |       |     1 ||     1
  Eat: Chunk             |     2 |       ||     2
